 Dungeon Crawl Stone Soup version 0.28.0-45-g0d030f2227 (webtiles) character file.

Game seed: 2192290901342985902

24 bnorton916 the Chiller (level 3, -3/24 HPs)
             Began as a Barachi Ice Elementalist on Apr 2, 2022.
             Slain by Crazy Yiuf
             ... wielding a +4 quarterstaff of chaos
              (4 damage)
             ... on level 2 of the Dungeon.
             The game lasted 00:03:23 (1192 turns).

bnorton916 the Chiller (Barachi Ice Elementalist)   Turns: 1192, Time: 00:03:30

Health: -3/24      AC:  2    Str:  9    XL:     3   Next: 2%
Magic:  1/7        EV: 12    Int: 17    God:
Gold:   40         SH:  0    Dex: 12    Spells: 0/7 levels left

rFire   . . .      SeeInvis .   m - staff of cold
rCold   + . .      Faith    .   (no shield)
rNeg    . . .      Spirit   .   a - +0 robe
rPois   .          Reflect  .   (no helmet)
rElec   .          Harm     .   (no cloak)
rCorr   .          Rampage  .   (no gloves)
Will    .....                   (no boots)
Stlth   ++........              (no amulet)
HPRegen 0.08/turn               (no ring)
MPRegen 0.10/turn               (no ring)

@: very slightly contaminated, slow
A: amphibious, slowness 1, strong legs 1, +LOS
a: Hop


You were on level 2 of the Dungeon.
You visited 1 branch of the dungeon, and saw 2 of its levels.

You collected 40 gold pieces.

Inventory:

Hand Weapons
 g - a +0 dagger
 i - a +0 short sword
Missiles
 d - 2 boomerangs
 f - 39 sling bullets
 h - 3 poisoned darts (quivered)
 j - 14 stones
Armour
 a - a +0 robe (worn)
 k - a +0 leather armour
Magical Staves
 m - a staff of cold (weapon)
Scrolls
 b - 5 scrolls of identify {unknown}
 c - a scroll of vulnerability {unknown}
Potions
 e - 2 potions of attraction {unknown}
 l - 2 potions of heal wounds {unknown}


   Skills:
 - Level 2.1 Dodging
 - Level 1.7 Stealth
 + Level 2.9 Spellcasting
 + Level 5.4 Ice Magic


You couldn't memorise any spells.
You knew the following spells:

 Your Spells              Type           Power      Damage    Failure   Level
a - Freeze                Ice            100%       1d11      1%          1
b - Frozen Ramparts       Ice            62%        1d8       6%          3
c - Ozocubu's Armour      Ice            31%        N/A       6%          3

Your spell library contained the following spells:

 Spells                   Type           Power      Damage    Failure   Level
 Magic Dart               Conj           8%         1d3       19%         1
 Call Imp                 Summ           2%         N/A       26%         2
 Mephitic Cloud           Conj/Pois/Air  2%         N/A       47%         3
 Hailstorm                Conj/Ice       17%        3d6       50%         4
 Fireball                 Conj/Fire      1%         3d3       99%         5
 Starburst                Conj/Fire      1%         6d3       100%        6
 Ignition                 Fire           1%         3d3       100%        8


Dungeon Overview and Level Annotations

Branches:
Dungeon (2/15)

Altars:
Hepliaklqana

Annotations:
D:2 Crazy Yiuf


Innate Abilities, Weirdness & Mutations

You are amphibious.
You cover ground slowly.
You can hop short distances.
You have an extended range of vision and can be seen from far away.


Message History

Found a stone staircase leading up.
There is a stone staircase leading up here.
Found a stone staircase leading down.
Found a yellow potion.
Found a mace.
l - 2 yellow potions (gained 1)
You hit the fungus.
The fungus begins to die.
You freeze the fungus.
The fungus is lightly damaged.
Found three maces.
Found a runed translucent door.
A nearby fungus withers and dies.
Crazy Yiuf shouts!
Found a runed mace and a mace.
You see here a +0 mace.
Casting: Freeze (safe; 1% risk of failure)
Confirm with . or Enter, or press ? or * to list all spells.
The spell is quite dangerous to miscast (6% risk of failure)!
Continue anyway?
Casting: Frozen Ramparts (quite dangerous; 6% risk of failure)
Press: ? - help, Dir - look around, f - activate You feel a surge of power!
You miscast Frozen Ramparts.
You are very lightly contaminated with residual magic.
Nothing appears to happen.
You open the door.
Crazy Yiuf says, "Castle!"
Unknown command.
Casting: Frozen Ramparts (quite dangerous; 6% risk of failure)
Confirm with . or Enter, or press ? or * to list all spells.
The spell is quite dangerous to miscast (6% risk of failure)!
Continue anyway?
Casting: Frozen Ramparts (quite dangerous; 6% risk of failure)
Press: ? - help, Dir - look around, f - activate You feel a surge of power!
You miscast Frozen Ramparts.
Nothing appears to happen.
Crazy Yiuf hits you with a +4 quarterstaff of chaos!
You hit Crazy Yiuf.
Crazy Yiuf is lightly wounded.
Crazy Yiuf screams, "Announcement!"
Crazy Yiuf hits you with a +4 quarterstaff of chaos!
Ouch! That really hurt!
* * * LOW HITPOINT WARNING * * *
Crazy Yiuf burns you.
You die...

.....#####..##
#.# #.###
#....# #.# #.#
#..PP# #.# ##
#.. ##..)#
#.######### ..
..# ##.##
#.......... .#
#.# ##.#
##.#####.#. .#
#.# #.## #.#
#.#. .# #.#
##.# #.# #.#.
.###.# #@##
#.# #.#.
.....# #g# ..#
#.#. .##.<#
.)) ### #.#.
.....# #..)#
#.#. .##.##
#)..# #.##
###.# #####
..# # #.# #.#
# #.# ####.#
###.# #.....


You could see Crazy Yiuf.

Vanquished Creatures
  2 ball pythons
  5 endoplasms
  2 giant cockroaches (D:1)
  A goblin (D:1)
  A hobgoblin (D:1)
  4 kobolds (D:1)
  2 quokkas (D:1)
  3 bats
  2 rats (D:1)
22 creatures vanquished.

Vanquished Creatures (others)
  A fungus (D:2)
  4 toadstools (D:1)
5 creatures vanquished.

Grand Total: 27 creatures vanquished

Notes
Turn   | Place    | Note
-------+----------+-------------------------------------------
     0 | D:1      | bnorton916 the Barachi Ice Elementalist began the quest for
                  | the Orb.
     0 | D:1      | Reached XP level 1. HP: 13/13 MP: 3/3
   101 | D:1      | Reached skill level 5 in Ice Magic
   512 | D:1      | Reached XP level 2. HP: 19/19 MP: 2/5
   732 | D:1      | Found a faded altar of an unknown god.
  1025 | D:2      | Found a hazy altar of Hepliaklqana.
  1087 | D:2      | Reached XP level 3. HP: 24/24 MP: 5/7
  1116 | D:2      | Learned a level 3 spell: Frozen Ramparts
  1120 | D:2      | Learned a level 3 spell: Ozocubu's Armour
  1185 | D:2      | Found a runed translucent door.
  1186 | D:2      | Noticed Crazy Yiuf
  1192 | D:2      | HP: 1/24 [Crazy Yiuf/+4 quarterstaff of chaos (13)]
  1192 | D:2      | Slain by Crazy Yiuf

Illustrated notes

Levels and vault maps discovered:
D:1:      ldierk_walled_garden_2, layout_rooms, serial_rivers,
          chequers_serial_rivers_micro_a, chequers_serial_rivers_room_b,
          chequers_serial_rivers_small_a, chequers_serial_rivers_room_a,
          dreamdust_ecumenical_altar_grove
D:2:      layout_loops_ring, basic_altar, uniq_crazy_yiuf_cottage

Skill      XL: |  1 |
---------------+----+-----
Ice Magic      | 5 |  5.4
Dodging        | |  2.1
Stealth        | |  1.7
Spellcasting   | |  2.9

Action                   || total
-------------------------++-------
Melee: Unarmed           ||     2
       Staff             ||     2
Throw: Dart              ||    16
 Cast: Freeze            ||    21
Armor: Robe              ||     3
Dodge: Dodged            ||    11
